 Dungeon Crawl Stone Soup version 0.24.0-7-gb3623d2c88 (webtiles) character file.

Game seed: 15013069665904452502, levelgen mode: deterministic

3581 Aviak the Covert (level 10, -4/59 HPs)
             Began as an Octopode Enchanter on Nov 2, 2019.
             Was an Elder of Ru.
             Slain by Gastronok (27 damage)
             ... on level 8 of the Dungeon.
             The game lasted 00:24:22 (11406 turns).

Aviak the Covert (Octopode Enchanter)              Turns: 11406, Time: 00:24:23

Health: -4/59      AC:  1    Str: 13    XL:     10   Next: 10%
Magic:  0/14       EV: 18    Int: 17    God:    Ru [****..]
Gold:   700        SH:  0    Dex: 16    Spells: 3/15 levels left

rFire    . . .     SeeInvis .   E - +2 dagger (venom)
rCold    . . .     Gourm    .   (no shield)
rNeg     . . .     Faith    .   (helmet restricted)
rPois    .         Spirit   .   (no amulet)
rElec    .         Reflect  .   (no ring)
rCorr    .         Harm     .   (no ring)
MR       .....                  (no ring)
Stlth    ++++++....             (no ring)
HPRegen  0.19/turn              (no ring)
MPRegen  0.14/turn              (no ring)
                                (no ring)
                                (no ring)

@: mighty
A: almost no armour, stealthy swim, amphibious, 8 rings, constrict 8, camouflage
1, frail 1, gelatinous body 1, inexperienced 1
a: Draw Out Power, Power Leap, Renounce Religion


You were on level 8 of the Dungeon.
You worshipped Ru.
Ru was greatly pleased with you.
You were not hungry.

You visited 1 branch of the dungeon, and saw 8 of its levels.

You collected 850 gold pieces.
You spent 150 gold pieces at shops.

Inventory:

Hand Weapons
 a - a +1 dagger
 E - a +2 dagger of venom (weapon)
 F - a +1 dagger of speed
Jewellery
 s - an uncursed ring of ice
Wands
 p - a wand of iceblast (16)
 w - a wand of flame (27)
 D - a wand of paralysis (14)
 G - a wand of random effects (11)
Scrolls
 d - a scroll of magic mapping
 e - 2 scrolls of immolation
 i - 2 scrolls of identify
 j - 5 scrolls of amnesia
 n - 2 scrolls of fear {unknown}
 o - 4 scrolls of enchant weapon {unknown}
 t - 2 scrolls of teleportation
 u - a scroll of summoning {unknown}
 x - 2 scrolls of blinking
 y - 3 scrolls of enchant armour {unknown}
 z - 4 scrolls of remove curse {unknown}
 B - a scroll of brand weapon {unknown}
 C - a scroll of holy word {unknown}
Potions
 b - a potion of magic
 c - 2 potions of curing
 f - 2 potions of haste
 g - 5 potions of degeneration {!q!q}
 h - a potion of heal wounds
 k - a potion of ambrosia
 m - a potion of might
 q - 3 potions of brilliance
 r - a potion of invisibility
 v - a potion of berserk rage
Comestibles
 l - 15 rations


   Skills:
 + Level 5.1 Fighting
 - Level 5.3 Short Blades
 + Level 7.8 Dodging
 + Level 11.3 Stealth
 - Level 3.0 Spellcasting
 - Level 2.0 Conjurations
 - Level 6.0 Hexes


You had 3 spell levels left.
You knew the following spells:

 Your Spells              Type           Power        Failure   Level  Hunger
a - Corona                Hex            ###....      1%          1    None
b - Ensorcelled Hibernat  Hex/Ice        ##....       8%          2    ##.....
c - Confuse               Hex            ###.....     4%          3    ###....
d - Tukima's Dance        Hex            ###.....     4%          3    ###....
e - Dazzling Spray        Conj/Hex       ###...       10%         3    ###....

Your spell library contained the following spells:

 Spells                   Type           Power        Failure   Level  Hunger
 Confusing Touch          Hex            ###...       1%          1    None
 Magic Dart               Conj           #...         8%          1    None
 Flame Tongue             Conj/Fire      #....        12%         1    None
 Shock                    Conj/Air       #...         12%         1    None
 Beastly Appendage        Tmut           #.....       17%         1    None
 Freeze                   Ice            #...         17%         1    None
 Sticks to Snakes         Tmut           #.......     26%         2    ##.....
 Gell's Gravitas          Tloc           #.........   45%         3    ###....
 Spider Form              Tmut/Pois      #.........   45%         3    ###....
 Metabolic Englaciation   Hex/Ice        ##........   80%         5    ######.
 Yara's Violent Unravell  Hex/Tmut       ##........   80%         5    ######.
 Ice Form                 Ice/Tmut       #.......     86%         4    ####...
 Petrify                  Tmut/Erth      #.......     86%         4    ####...
 Blade Hands              Tmut           #.........   99%         5    ######.


Dungeon Overview and Level Annotations

Branches:
Dungeon (8/15)             Temple (0/1) D:7
   Lair: D:8-11

Altars:
Gozag
Nemelex Xobeh
Ru
Sif Muna
Vehumet
Xom
Yredelemnul
The Shining One

Shops:
D:5 (

Annotations:
D:8 Gastronok


Innate Abilities, Weirdness & Mutations

You cannot wear most types of armour.
You are very stealthy in the water. (Stealth+)
You are amphibious.
You can wear up to eight rings at the same time.
You can use your tentacles to constrict eight enemies at once.
Your skin changes colour to match your surroundings (Stealth+).
You are frail. (-10% HP)
Your rubbery body absorbs attacks. (AC +1, EV +1)
You are somewhat inexperienced. (-2 XL)


Message History

Okay, then.
You puncture Gastronok!
Gastronok is poisoned.
Gastronok is moderately wounded.
Gastronok waves his eye-stalks in wide circles.
The air twists around and strikes you!
You hit Gastronok.
Gastronok looks as sick as possible!
Gastronok is moderately wounded.
You hit Gastronok.
Gastronok looks as sick as possible!
Gastronok is heavily wounded.
You puncture Gastronok!
Gastronok looks as sick as possible!
Gastronok is heavily wounded.
Gastronok bites you! The quokka bites you.
You hit Gastronok.
Gastronok looks as sick as possible!
Gastronok is heavily wounded.
The quokka barely misses you.
You puncture Gastronok!
Gastronok looks as sick as possible!
You squeeze Gastronok!
Gastronok is severely wounded.
Gastronok bites you!!
You die...

#...####'#######..........#
#...####'#### #..........#
######...........#
############
......(..........# ..
#######..........####.##
......#.................
#####.#.................
<...#.#.###+###..r......
.##.#.#.#.....#.@w......
..#.#.# ##.####.†.......
..#.#.# ...p$###.......
..#.#.# #.# ....... ..#.#.#
....... ###.#.# #######
....#.# #####.# ......#


You could see Gastronok and a quokka.

Vanquished Creatures
  Pikel (D:5)
  A hippogriff (D:7)
  Grum (D:8)
  A water moccasin (D:6)
  5 ice beasts
  4 slaves (D:5)
  2 orc warriors
  2 sky beasts
  An ogre (D:6)
  4 wolves
  3 centaurs
  A bullfrog (D:8)
  A wyvern skeleton (D:8)
  A scorpion (D:8)
  4 howler monkeys
  4 crimson imps
  A bullfrog zombie (D:6)
  5 hounds
  A centaur skeleton (D:8)
  A jelly (D:8)
  A gnoll shaman (D:5)
  An orc priest (D:8)
  9 orc wizards
  3 iguanas
  4 worker ants
  A hound zombie (D:8)
  A hound skeleton (D:4)
  2 howler monkey zombies
  2 worker ant zombies
  11 adders
  4 gnolls (D:5)
  2 howler monkey skeletons
  2 shadow imps
  An adder skeleton (D:8)
  An adder zombie (D:6)
  2 worms (D:2)
  3 dart slugs
  6 leopard geckos
  35 orcs
  5 bats
  11 giant cockroaches
  7 goblins
  10 hobgoblins
  20 jackals
  A quokka (D:8)
  6 ball pythons
  4 frilled lizards
  A jackal skeleton (D:6)
  A jackal zombie (D:7)
  6 kobolds
  A quokka skeleton (D:8)
  11 rats
219 creatures vanquished.

Vanquished Creatures (collateral kills)
  Edmund (D:4)
  An ogre (D:6)
  Blork the orc (D:4)
3 creatures vanquished.

Vanquished Creatures (others)
  A leopard gecko (D:8)
1 creature vanquished.

Grand Total: 223 creatures vanquished

Notes
Turn   | Place    | Note
-------+----------+-------------------------------------------
     0 | D:1      | Aviak the Octopode Enchanter began the quest for the Orb.
     0 | D:1      | Reached XP level 1. HP: 11/11 MP: 3/3
    68 | D:1      | Reached XP level 2. HP: 17/17 MP: 5/5
    81 | D:1      | Learned a level 2 spell: Ensorcelled Hibernation
   475 | D:1      | Reached XP level 3. HP: 21/21 MP: 6/6
   543 | D:2      | Noticed a sky beast
   550 | D:2      | Killed a sky beast
   550 | D:2      | Reached XP level 4. HP: 3/27 MP: 6/8
   818 | D:2      | Learned a level 3 spell: Confuse
   840 | D:2      | Reached XP level 5. HP: 29/31 MP: 9/9
   847 | D:2      | Reached skill level 5 in Stealth
  1353 | D:2      | Found a basalt altar of Yredelemnul.
  1379 | D:2      | Found a faded altar of an unknown god.
  1412 | D:2      | Found a shimmering altar of Xom.
  1412 | D:2      | Found a sparkling altar of Nemelex Xobeh.
  2129 | D:3      | Found an opulent altar of Gozag.
  2143 | D:3      | Learned a level 3 spell: Tukima's Dance
  2725 | D:3      | Found a sacrificial altar of Ru.
  2752 | D:3      | Reached XP level 6. HP: 16/36 MP: 6/10
  2841 | D:3      | Became a worshipper of Ru the Awakened
  2925 | D:3      | Found a radiant altar of Vehumet.
  3422 | D:4      | Noticed Blork the orc
  3431 | D:4      | Killed Blork the orc
  3708 | D:4      | Reached skill level 6 in Stealth
  4050 | D:4      | Noticed Edmund
  4065 | D:4      | Killed Edmund
  4065 | D:4      | Reached XP level 7. HP: 32/41 MP: 2/11
  4135 | D:4      | Learned a level 3 spell: Dazzling Spray
  5014 | D:5      | Entered Level 5 of the Dungeon
  5062 | D:5      | Gained mutation: You are somewhat inexperienced. (-2 XL)
                  | [Ru sacrifice]
  5062 | D:5      | Reached XP level 6. HP: 36/36 MP: 10/10
  5062 | D:5      | Reached XP level 5. HP: 31/31 MP: 9/9
  5062 | D:5      | Reached * piety under Ru
  5062 | D:5      | Reached ** piety under Ru
  5096 | D:5      | Noticed an ice beast
  5099 | D:5      | Noticed an ice beast
  5448 | D:5      | Noticed a slave
  5449 | D:5      | Noticed a slave
  5449 | D:5      | Noticed a slave
  5449 | D:5      | Noticed a slave
  5450 | D:5      | Noticed Pikel
  5472 | D:5      | Killed a slave
  5521 | D:5      | Killed a slave
  5753 | D:5      | Killed a slave
  5927 | D:5      | Killed a slave
  6103 | D:5      | Killed an ice beast
  6103 | D:5      | Reached XP level 6. HP: 36/36 MP: 3/10
  6451 | D:5      | Reached skill level 7 in Stealth
  6468 | D:5      | Reached skill level 5 in Hexes
  7097 | D:5      | Reached XP level 7. HP: 20/41 MP: 0/11
  7361 | D:5      | Found Cikhlun's Antique Weapon Boutique.
  7362 | D:5      | Found a glowing golden altar of the Shining One.
  7369 | D:5      | Bought a glowing dagger for 150 gold pieces
  7473 | D:5      | Killed Pikel
  7473 | D:5      | Reached skill level 5 in Short Blades
  7473 | D:5      | Reached skill level 5 in Dodging
  7473 | D:5      | Reached skill level 8 in Stealth
  7473 | D:5      | Reached XP level 8. HP: 27/46 MP: 3/12
  8206 | D:6      | Reached skill level 1 in Fighting
  8206 | D:6      | Reached skill level 1 in Conjurations
  8260 | D:6      | Reached skill level 9 in Stealth
  8761 | D:6      | Reached XP level 9. HP: 54/54 MP: 13/13
  8849 | D:6      | Found a shimmering blue altar of Sif Muna.
  8884 | D:7      | Gained mutation: You are frail. (-10% HP) [Ru sacrifice]
  8884 | D:7      | Reached *** piety under Ru
  8884 | D:7      | Reached **** piety under Ru
  9318 | D:7      | Reached skill level 10 in Stealth
  9803 | D:7      | Found a staircase to the Ecumenical Temple.
 10165 | D:8      | Noticed Grum
 10928 | D:8      | Reached skill level 11 in Stealth
 10955 | D:8      | Killed Grum
 10955 | D:8      | Reached XP level 10. HP: 22/58 MP: 2/14
 11071 | D:8      | Reached skill level 5 in Fighting
 11092 | D:8      | Identified Theurgy for Beginners
 11382 | D:8      | Noticed Gastronok
 11406 | D:8      | Slain by Gastronok

Levels and vault maps discovered:
D:1:      dpeg_arrival_prison, layout_basic
D:2:      layout_loops_ring, overflow_temple_1_default,
          gammafunk_temple_overflow_elements, first_ration,
          chequers_ecumenical_altar_twisty, st_stairs_1
D:3:      layout_rooms, old_standard_altar, lemuel_round_altar,
          nicolae_gozag_seed_capital
D:4:      layout_cave_pools, uniq_blork_the_orc, uniq_edmund
D:5:      layout_cave_pods, kennysheep_mini_moat, serial_shops, shop, hex_tiny,
          uniq_pikel
D:6:      layout_loops_ring, basic_altar
D:7:      minmay_polygon_palace, layout_basic, minmay_temple_entry_sparse_star,
          minivault_5
D:8:      layout_basic, grunt_pizzeria, uniq_gastronok, uniq_grum

Skill      XL: |  1  2  3  4  5  6  7  8  9 10 |
---------------+-------------------------------+-----
Short Blades   | 2 4 5 |  5.3
Stealth        | 5 7 8 9 11 | 11.3
Dodging        | 3 5 6 7 |  7.8
Spellcasting   | 3 |  3.0
Hexes          | 5 6 |  6.0
Fighting       | 2 4 5 |  5.1
Conjurations   | 2 |  2.0

Action                   |  1- 3 |  4- 6 |  7- 9 | 10-12 || total
-------------------------+-------+-------+-------+-------++-------
Melee: Dagger            |    37 |   329 |   347 |    26 ||   739
       Constrict         |     9 |    70 |    54 |     2 ||   135
       Tentacles         |     4 |    61 |    71 |     2 ||   138
 Cast: Confuse           |       |    48 |    41 |     2 ||    91
       Ensorcelled Hiber |       |    15 |     4 |       ||    19
       Tukima's Dance    |       |     2 |     5 |       ||     7
       Corona            |       |     1 |       |       ||     1
       Dazzling Spray    |       |       |     3 |     5 ||     8
Invok: Sacrifice Experie |       |     1 |       |       ||     1
       Draw Out Power    |       |       |     1 |       ||     1
       Sacrifice Health  |       |       |     1 |       ||     1
Evoke: Wand              |       |       |     5 |     4 ||     9
  Use: Potion            |       |     1 |     1 |     1 ||     3
       Scroll            |       |     9 |     6 |       ||    15
 Stab: Sleeping          |    11 |    11 |    23 |     3 ||    48
       Confused          |       |    17 |    21 |     1 ||    39
       Paralysed         |       |       |     2 |       ||     2
       Distracted        |       |       |       |     1 ||     1
  Eat: Chunk             |       |    15 |    17 |     1 ||    33
       Ration            |       |     3 |       |     1 ||     4
Armor: Skin              |     7 |    20 |    13 |       ||    40
Dodge: Dodged            |    18 |   238 |   149 |     7 ||   412
